cohdb
Replays
Latest Replays
All Replays
Popular Replays
Top Player Replays
Match Explorer
How It Works
Community
CoH3 Stats
Reddit
Sign in to upload your games and track your stats! →
Sign in with Steam
Match 40592295
Unlisted
Match 40592295
Overview
Messages
Build Orders
End
Construct Section Command Post
Royal Engineer Section
Selects Canadian Shock Battlegroup
Infantry Section
ML 3-inch Mortar Team
Infantry Section
Grenade Package
Selects Attacking Spirit
Selects Canadian Shock Section
Construct Platoon Command Post
Infantry Training
Selects Incendiary Munitions
Infantry Section
CMP 15cwt Truck
Selects Pyrotechnics
Forward Retreat Point
6-pounder Anti-tank Gun Team
fuuyyy
Jd577
huhrmit
Jackosaur
Tony
sebastian-
931217897
seoul101th
0
0
Comments
sign in to comment!
No comments posted yet!